 Dungeon Crawl Stone Soup version 0.31.0 (webtiles) character file.

Game seed: 12915060386027894772

28 Sobieck the Shooter (level 2, -7/22 HPs)
             Began as a Mummy Hunter on Jan 19, 2024.
             Killed from afar by an orc wizard (9 damage)
             ... with a magic dart
             ... on level 2 of the Dungeon.
             The game lasted 00:01:05 (1263 turns).

Sobieck the Shooter (Mummy Hunter)                  Turns: 1263, Time: 00:01:06

Health: -7/22      AC:  3    Str: 14    XL:     2   Next: 96%
Magic:  2/2        EV: 11    Int:  8    God:
Gold:   67         SH:  0    Dex: 15    Spells: 1/1 levels left

rFire   x . .        a - +0 shortbow
rCold   + . .        (shield currently unavailable)
rNeg    + + +        c - +0 leather armour
rPois   ∞            (no helmet)
rElec   .            (no cloak)
rCorr   .            (no gloves)
SInv    .            (no boots)
Will    .....        (no amulet)
Stlth   +            (no ring)
HPRegen 0.23/turn    (no ring)
MPRegen 0.08/turn

%: faith
@: no status effects
A: cold resistance 1, negative energy resistance 3, torment resistance 2, heat
vulnerability 1, in touch with death 1, no potions, faith
a: no special abilities


You were on level 2 of the Dungeon.
You visited 1 branch of the dungeon, and saw 2 of its levels.

You collected 67 gold pieces.

Inventory:

Hand Weapons
 a - a +0 shortbow (weapon)
Armour
 c - a +0 leather armour (worn)
 g - a +0 pair of gloves
Scrolls
 b - a scroll of butterflies
 d - a scroll of vulnerability {unknown}
 e - a scroll of poison {unknown}
 f - a scroll of noise {unknown}
 h - a scroll of identify {unknown}


   Skills:
 - Level 2.0 Fighting
 + Level 4.1 Ranged Weapons
 - Level 1.5 Dodging
 - Level 0.7 Stealth


You had one spell level left.
You didn't know any spells.
Your spell library was empty.

Dungeon Overview and Level Annotations

Branches:
Dungeon (2/15)

Altars:


Innate Abilities, Weirdness & Mutations

You are immune to poison.
Your flesh is cold resistant. (rC+)
You are immune to negative energy. (rN+++)
You are immune to unholy pain and torment.
You are vulnerable to heat. (rF-)
You are in touch with the powers of death.
You do not drink.
You have a special connection with the divine. (Faith)


Message History

Okay, then.
Unknown command.
Press < or > to pray at altars.
Unknown command.
Press < or > to pray at altars.
There is an open door here.
You see here a sedimented golden potion.
You see here a silvery potion.
You see here a white potion.
There is a stone staircase leading down here.
You now have 57 gold pieces (gained 18).
You now have 67 gold pieces (gained 10).
h - a scroll labelled OTIMNIAWYRE Unknown command.
A hobgoblin comes into view.
You shoot an arrow. The arrow hits the hobgoblin!
You kill the hobgoblin!
No target in view!
No target in view!
Found 3 datura-tipped darts.
An orc wizard comes into view. It is wielding a +0 dagger.
Found a scroll labelled OTIMNIAWYRE.
You shoot an arrow. The arrow hits the orc wizard.
The orc wizard shouts!
The orc wizard is moderately wounded.
You hear a loud squeak.
An orc comes into view. It is wielding a +0 dagger.
Unknown command.
Danger!
The orc wizard casts a spell at you.
You are confused.
The orc wizard gestures at you while chanting.
The magic dart hits you.
Unknown command.
Unknown command.
You bump into the rock wall.
The orc wizard casts a spell.
The orc wizard flickers and vanishes!
Deactivating autopickup; reactivate with Ctrl-A.
Unknown command.
You bump into the rock wall.
You feel less confused.
A puff of flame appears from out of thin air!
The puff of flame hits you! The fire burns you terribly!
Ouch! That really hurt!
* * * LOW HITPOINT WARNING * * *
Danger!
A magic dart appears from out of thin air!
The magic dart hits you!
You die...

#...........# #...
#####...........#####...
........................
####...........###.....
#...........# #.#...
#...........# #.#...
#...........# #.##.#
####...........# #.##.#
#.....@######### #.##†#
#......# #.##.# #......#
# #......# ###....#
#....# #..{.# #....#
#....# ###


There were no monsters in sight!

Vanquished Creatures
  A gnoll (D:1)
  An endoplasm (D:1)
  A giant cockroach (D:2)
  3 goblins (D:1)
  A hobgoblin (D:2)
  A quokka (D:1)
  4 ball pythons
  A bat (D:1)
  4 frilled lizards
  A rat (D:2)
18 creatures vanquished.

Notes
Turn   | Place    | Note
-------+----------+-------------------------------------------
     0 | D:1      | Sobieck the Mummy Hunter began the quest for the Orb.
     0 | D:1      | Reached XP level 1. HP: 16/16 MP: 1/1
    49 | D:1      | Reached XP level 2. HP: 12/22 MP: 2/2
   512 | D:1      | Reached skill level 4 in Ranged Weapons
   982 | D:2      | Found a faded altar of an unknown god.
  1262 | D:2      | HP: 1/22 [something/puff of flame (16)]
  1263 | D:2      | Killed from afar by an orc wizard

Illustrated notes

Levels and vault maps discovered:
D:1:      matt_arrival_spirals, layout_basic, minmay_misc_feat_rugged,
          nicolae_concentric_dashed_squares_wild, minmay_misc_feat_hallway
D:2:      layout_basic, chequers_ecumenical_altar_lobes, patterned_corridor

Skill      XL: |  1  2 |
---------------+-------+-----
Ranged Weapons | 4 |  4.1
Fighting       | |  2.0
Dodging        | |  1.5
Stealth        | |  0.7

Action                     || total
---------------------------++-------
   Fire: Shortbow          ||    43
 Armour: Leather armour    ||     7
  Dodge: Dodged            ||     8
